 Dungeon Crawl Stone Soup version 0.24-a0-271-ga0fc33f (webtiles) character file.

Game seed: 12540987773989264503

29 KrasnyyBoyets the Chopper (level 3, -3/31 HPs)
             Began as a Minotaur Monk on Apr 25, 2019.
             Slain by an adder (5 damage)
             ... on level 2 of the Dungeon.
             The game lasted 00:10:44 (1468 turns).

KrasnyyBoyets the Chopper (Minotaur Monk)           Turns: 1468, Time: 00:10:45

Health: -3/31      AC:  2    Str: 16    XL:     3   Next: 1%
Magic:  2/2        EV: 13    Int:  7    God:
Gold:   124        SH:  4    Dex: 12    Spells: 2/2 levels left

rFire    + . .     SeeInvis .   a - +0 hand axe
rCold    x . .     Gourm    .   (no shield)
rNeg     . . .     Faith    .   b - +0 robe
rPois    .         Spirit   .   (helmet restricted)
rElec    .         Reflect  +   (no cloak)
rCorr    .         Harm     .   (no gloves)
MR       .....                  (no boots)
Stlth    ++........             h - +4 amulet of reflection
HPRegen  0.10/turn              f - ring of fire
MPRegen  0.08/turn              (no ring)

@: lethally poisoned (-3 -> -7)
A: retaliatory headbutt, horns 2
a: no special abilities


You were on level 2 of the Dungeon.
You were not hungry.

You visited 1 branch of the dungeon, and saw 2 of its levels.

You collected 124 gold pieces.

Inventory:

Hand Weapons
 a - a +0 hand axe (weapon)
Missiles
 d - 3 large rocks (quivered)
Armour
 b - a +0 robe (worn)
Jewellery
 f - a ring of fire (left hand)
 h - a +4 amulet of reflection (around neck)
Scrolls
 j - a scroll of identify {unknown}
 k - a scroll of enchant weapon {unknown}
 n - a scroll of teleportation {unknown}
Potions
 e - a potion of heal wounds {unknown}
 g - a potion of agility
 l - a potion of cancellation {unknown}
 m - a potion of curing {unknown}
 p - a potion of invisibility {unknown}
Comestibles
 c - 2 rations
 o - 2 chunks of flesh


   Skills:
 - Level 3.6 Fighting
 * Level 5.1 Axes
 - Level 3.2 Dodging
 - Level 1.5 Stealth


You had 2 spell levels left.
You didn't know any spells.
Your spell library was empty.

Dungeon Overview and Level Annotations

Branches:
Dungeon (2/15)

Altars:


Innate Abilities, Weirdness & Mutations

You reflexively headbutt those who attack you in melee.
You have a pair of horns on your head.


Message History

Press: ? - help, Shift-Dir - straight line, f - adder
Aim: an adder You toss away a large rock.
The large rock closely misses the adder.
You feel sick. The adder bites you. x2
Blink to where?
Press: ? - help, Dir - move target cursor, f - you, p - adder Blink to where?
Press: ? - help, Dir - move target cursor, f - you Blink to where?
Press: ? - help, Dir - move target cursor, f - you Blink to where?
Press: ? - help, Dir - move target cursor, f - you
Okay, then.
As you read the scroll labeled ETTIRCH IFUIB, it crumbles to dust.
It was a scroll of blinking.
The adder bites you.
* * * LOW HITPOINT WARNING * * *
* * * LOW HITPOINT WARNING * * *
You feel sick. The adder bites you.
You die...

######### #..(....#
#.......#############
+.......+..........>#
#......[###...#####.#
#.......###$#.# #.#
#...).S@.#.# #.#
#........#####.# #.#
#........# #.# #.#
#........# #.# #.#
#.......<+ #.# #.#
#........# #.#
#........# #.#
#........# #.# #.#


You could see an adder.

Vanquished Creatures
  An adder (D:2)
  An orc (D:2)
  2 goblins (D:1)
  2 hobgoblins (D:1)
  6 kobolds
  A bat (D:1)
  4 frilled lizards (D:1)
  5 rats
22 creatures vanquished.

Notes
Turn   | Place    | Note
-------+----------+-------------------------------------------
     0 | D:1      | KrasnyyBoyets the Minotaur Monk began the quest for the
                  | Orb.
     0 | D:1      | Reached XP level 1. HP: 19/19 MP: 0/0
   146 | D:1      | Reached skill level 4 in Axes
   527 | D:1      | Reached XP level 2. HP: 26/26 MP: 1/1
  1422 | D:2      | Reached skill level 5 in Axes
  1464 | D:2      | Reached XP level 3. HP: 15/31 MP: 2/2
  1468 | D:2      | Slain by an adder

Levels and vault maps discovered:
D:1:      lemuel_arrival_lava_pool, layout_loops_ring
D:2:      layout_basic

Skill      XL: |  1  2 |
---------------+-------+-----
Axes           | 4 5 |  5.1
Fighting       | |  3.6
Dodging        | |  3.2
Stealth        | |  1.5

Action                   || total
-------------------------++-------
Melee: Hand axe          ||    47
       Headbutt          ||     3
  Use: Scroll            ||     1
 Stab: Sleeping          ||     2
  Eat: Ration            ||     1
Armor: Robe              ||     6
Dodge: Dodged            ||    25
Block: Other             ||     3

Table legend:
 A = Non-vault XP
 B = Vault XP
 C = Vault XP percentage of total XP
 D = Non-vault monster count
 E = Vault monster count
 F = Vault count percentage of total count
                 A         B        C        D         E       F
            +---------+---------+-------+---------+---------+-------
      Total |      42 |       0 |   0.0 |      22 |       0 |   0.0
            +---------+---------+-------+---------+---------+-------
        D:1 |      22 |       0 |   0.0 |      17 |       0 |   0.0
        D:2 |      20 |       0 |   0.0 |       5 |       0 |   0.0
            +---------+---------+-------+---------+---------+-------
